 Dungeon Crawl Stone Soup version 0.30.1-11-g7821555f0a (webtiles) character file.

Game seed: 3481662096148703335

99 lonewolfV2 the Trooper (level 4, 0/37 HPs)
             Began as a Demonspawn Fighter on Oct 31, 2023.
             Was an Initiate of Ashenzari.
             Slain by a gnoll
             ... wielding a +0 spear
             ... led by a gnoll bouda
              (1 damage)
             ... on level 3 of the Dungeon.
             The game lasted 00:02:42 (1573 turns).

lonewolfV2 the Trooper (Demonspawn Fighter)         Turns: 1573, Time: 00:02:43

Health: 0/37       AC:  6    Str: 16    XL:     4   Next: 45%
Magic:  4/4        EV:  8    Int: 10    God:    Ashenzari [......]
Gold:   91         SH:  5    Dex: 14    Spells: 3/3 levels left

rFire   . . .        a - +0 war axe (flame)
rCold   . . .        c - +1 buckler
rNeg    . . .        b - +0 scale mail
rPois   .            (no helmet)
rElec   .            (no cloak)
rCorr   .            (no gloves)
SInv    .            (no boots)
Will    .....        (no amulet) Stlth
                     (no ring)
HPRegen 0.26/turn    (no ring)
MPRegen 0.09/turn

%: no passive effects
@: mighty, weakened
A: demonic magic 1, demonic touch 1
a: Renounce Religion, Curse Item


You were on level 3 of the Dungeon.
You worshipped Ashenzari.
Ashenzari was noncommittal.
You visited 1 branch of the dungeon, and saw 3 of its levels.

You collected 91 gold pieces.

Inventory:

Hand Weapons
 a - a +0 war axe of flaming (weapon)
Armour
 b - a +0 scale mail (worn)
 c - a +1 buckler (worn)
Jewellery
 o - a ring of fire
Scrolls
 g - a scroll of noise
Potions
 h - 2 potions of cancellation {unknown}
 k - a potion of berserk rage {unknown}
 m - a potion of brilliance {unknown}


   Skills:
 + Level 3.8 Fighting
 * Level 3.7 Axes
 - Level 2.6 Armour
 - Level 2.6 Shields


You had 3 spell levels left.
You didn't know any spells.
Your spell library contained the following spells:

 Spells                   Type           Power      Damage    Failure   Level
 Kiss of Death            Conj/Necr      0%         2d5       87%         1
 Confusing Touch          Hex            0%         N/A       99%         3
 Vhi's Electric Charge    Tloc/Air       0%         N/A       99%         3
 Dispel Undead            Necr           0%         3d6       100%        4
 Arcjolt                  Conj/Air       0%         1d10      100%        5
 Plasma Beam              Fire/Air       0%         2x1d11    100%        6


Dungeon Overview and Level Annotations

Branches:
Dungeon (3/15)

Altars:
Ashenzari


Innate Abilities, Weirdness & Mutations

Spells you cast may paralyse adjacent enemies.
Your touch may inflict minor irresistible damage on your foes.


Message History

You barely miss the gnoll bouda. You block the gnoll's attack.
The gnoll bouda hits you with a +0 club.
The gnoll hits you from afar with a +0 spear.
You block the gnoll bouda's attack. The gnoll hits you but does no damage.
You hit the gnoll bouda but do no damage.
The gnoll hits you but does no damage.
The gnoll hits you from afar with a +0 spear.
The gnoll bouda hits you with a +0 club!
The gnoll hits you from afar with a +0 spear.
* * * LOW HITPOINT WARNING * * *
You barely miss the gnoll bouda. The gnoll closely misses you.
The gnoll bouda hits you with a +0 club!
* * * LOW HITPOINT WARNING * * *
The gnoll closely misses you.
You feel better.
Your attacks no longer feel as feeble.
You block the gnoll's attack. The gnoll bouda completely misses you.
You block the gnoll's attack.
You feel better.
The gnoll hits you from afar with a +0 spear!
The gnoll bouda barely misses you.
The gnoll hits you from afar with a +0 spear!
* * * LOW HITPOINT WARNING * * *
You feel better.
The gnoll hits you from afar with a +0 spear.
* * * LOW HITPOINT WARNING * * *
The gnoll bouda hits you but does no damage.
The gnoll hits you from afar with a +0 spear.
* * * LOW HITPOINT WARNING * * *
You feel very mighty all of a sudden. The gnoll barely misses you.
The gnoll bouda barely misses you. You block the gnoll's attack.
You hit the gnoll bouda but do no damage.
The gnoll completely misses you.
The gnoll bouda gazes fiercely through you!
You feel your attacks grow feeble.
The gnoll bouda hits you with a +0 club.
* * * LOW HITPOINT WARNING * * *
The gnoll hits you from afar with a +0 spear.
You die...

#.# #.# .# #.# #.# .#
#.# #.# .#
#.#######.# .#
#.......†.######.#
#########........##.#
#.#####.....# #.#
#.##### #.# #@# #.#
#g# ..#...gg.......
###.###.####### #.#
#?# #.# #.# #.#


You could see a gnoll bouda and 2 gnolls.

Vanquished Creatures
  A gnoll (D:3)
  3 adders (D:2)
  A worm (D:2)
  A dart slug (D:3)
  A bat (D:2)
  7 endoplasms
  4 giant cockroaches
  5 hobgoblins
  3 jackals (D:2)
  A quokka (D:2)
  6 ball pythons
  4 frilled lizards (D:1)
  4 goblins
  9 kobolds
  6 rats (D:1)
56 creatures vanquished.

Notes
Turn   | Place    | Note
-------+----------+-------------------------------------------
     0 | D:1      | lonewolfV2 the Demonspawn Fighter began the quest for the
                  | Orb.
     0 | D:1      | Reached XP level 1. HP: 18/18 MP: 1/1
   140 | D:1      | Gained mutation: Spells you cast may paralyse adjacent
                  | enemies. [demonic ancestry]
   140 | D:1      | Reached XP level 2. HP: 24/24 MP: 2/2
   597 | D:1      | Gained mutation: Your touch may inflict minor irresistible
                  | damage on your foes. [demonic ancestry]
   597 | D:1      | Reached XP level 3. HP: 29/29 MP: 3/3
   721 | D:2      | Found a broken altar of Ashenzari.
   734 | D:2      | Became a worshipper of Ashenzari the Shackled
  1198 | D:2      | Reached XP level 4. HP: 35/37 MP: 4/4
  1573 | D:3      | HP: 1/37 [gnoll bouda/+0 club (3)]
  1573 | D:3      | Slain by a gnoll

Illustrated notes

Levels and vault maps discovered:
D:1:      matt_arrival_spirals, layout_rooms, bh_walls_and_bars
D:2:      layout_basic, basic_altar, minmay_fractal_squares_gapless_5
D:3:      layout_loops_ring, shapermc_ecumenical_altar_notcrosses,
          minmay_misc_feat_enclosed

Skill      XL: |  1  2  3 |
---------------+----------+-----
Axes           | 2 3 |  3.7
Fighting       | |  3.8
Armour         | |  2.6
Shields        | |  2.6

Action                     |  1- 3 |  4- 6 || total
---------------------------+-------+-------++-------
  Melee: War axe           |   103 |    22 ||   125
    Use: Scroll            |       |     7 ||     7
         Potion            |       |     4 ||     4
 Armour: Scale mail        |    69 |    18 ||    87
  Dodge: Dodged            |    54 |    16 ||    70
  Block: Buckler           |    27 |     8 ||    35
